Map: [ESL] Oceanborn

Players

Cyan - Winner!

  • Race: Protoss Protoss
  • Spawn Location: 11:00

Nice

  • Race: Protoss Protoss
  • Spawn Location: 5:00

Event: ESL SC2 Masters 2024 Spring (Regional)

VOD

Have the link to the VOD?

Description

Time

  • Played on: April 20, 2024, 8:02 a.m.
  • Length: 13:19

All games in this series

Show
View Real Time Build Order
Export as new Build Order

Cyan Protoss - Winner!

Build Orders: Phoenix Opening 

Get SALT Encoding   

  12  0:00  Probe  
  13  0:12  Probe  
  14  0:17  Pylon  
  14  0:24  Probe (Chrono Boost)  
  15  0:36  Probe (Chrono Boost)  
  15  0:38  Gateway  
  16  0:44  Probe (Chrono Boost)  
  16  0:47  Assimilator  
  17  0:51  Probe  
  17  0:55  Assimilator  
  18  1:03  Probe (Chrono Boost)  
  19  1:07  Gateway  
  19  1:13  Probe (Chrono Boost)  
  19  1:18  Probe (Chrono Boost)  
  20  1:25  Cybernetics Core  
  21  1:29  Probe  
  22  1:34  Pylon  
  22  1:41  Probe  
  23  1:53  Probe  
  24  2:01  Adept x2  
  24  2:05  Stargate  
  28  2:13  Warp Gate  
  28  2:14  Pylon  
  28  2:21  Probe  
  29  2:31  Stalker  
  31  2:47  Stalker  
  31  2:51  Phoenix  
  35  2:56  Pylon  
  35  3:02  Stalker  
  37  3:11  Shield Battery  
  37  3:30  Nexus  
  37  3:37  Robotics Facility  
  35  3:58  Shield Battery  
  35  3:59  Pylon  
  35  4:01  Sentry, Stalker  
  39  4:08  Pylon  
  39  4:21  Immortal (Chrono Boost)  
  39  4:23  Gateway  
  43  4:26  Twilight Council  
  43  4:32  Stalker  
  44  4:48  Stalker  
  46  4:56  Stalker  
  46  4:59  Warp Prism (Chrono Boost)  
  50  5:07  Probe  
  49  5:29  Nexus, Adept  
  51  5:47  Observer  
  51  5:48  Blink (Chrono Boost)  
  51  5:54  Probe  
  53  6:00  Pylon  
  53  6:13  Immortal  
  53  6:17  Probe  
  54  6:29  Probe  
  55  6:35  Shield Battery  
  55  6:38  Sentry  
  55  6:39  Sentry  
  59  6:41  Probe, Adept  
  62  6:50  Probe  
  62  6:53  Probe  
  64  7:03  Probe  
  64  7:05  Probe  
  64  7:06  Stalker x2  
  64  7:07  Observer  
  70  7:11  Stalker  
  70  7:15  Probe  
  73  7:25  Probe  
  73  7:28  Pylon  
  74  7:33  Stalker x2  
  74  7:35  Stalker  
  74  7:36  Probe  
  74  8:06  Immortal (Chrono Boost)  
  70  8:13  Probe  
  70  8:14  Stalker x2  
  70  8:16  Probe  
  76  8:21  Shield Battery  
  76  8:25  Probe  
  77  8:27  Assimilator  
  77  8:28  Probe  
  77  8:29  Pylon  
  76  8:34  Warp Prism (Chrono Boost)  
  76  8:37  Probe  
  76  8:39  Nexus  
  79  8:42  Pylon  
  79  8:43  Sentry  
  81  8:53  Stalker  
  83  8:57  Stalker  
  83  8:58  Probe  
  83  8:59  Probe  
  87  9:03  Shield Battery  
  87  9:04  Observer  
  88  9:10  Gateway  
  88  9:12  Probe  
  89  9:20  Stalker  
  89  9:23  Stalker  
  93  9:28  Stalker  
  95  9:32  Shield Battery  
  91  9:39  Observer  
  91  9:41  Gateway  
  91  9:42  Gateway  
  91  9:43  Resonating Glaives (Chrono Boost)  
  91  9:48  Sentry  
  93  9:53  Sentry  
  93  9:54  Probe x2  
  93  9:55  Probe  
  93  9:56  Immortal  
  98  10:06  Probe  
  103  10:09  Probe  
  103  10:12  Probe  
  105  10:14  Pylon  
  105  10:19  Adept  
  102  10:26  Adept  
  102  10:27  Stalker  
  102  10:28  Stalker  
  108  10:30  Probe  
  109  10:35  Gateway  
  109  10:37  Gateway  
  109  10:41  Adept x2  
  113  10:45  Observer  
  113  10:46  Adept  
  113  10:47  Adept  
  118  10:53  Pylon  
  118  10:54  Adept x2  
  122  11:01  Adept  
  122  11:02  Adept  
  126  11:22  Pylon  
  126  11:24  Pylon  
  126  11:26  Adept x6  
  136  11:36  Adept x2  
  118  11:56  Adept x6  
  118  11:57  Adept x2  
  92  12:08  Immortal  
  78  12:18  Adept x5  
  78  12:19  Probe, Adept  
  78  12:20  Probe  
  80  12:25  Probe  
  77  12:32  Probe  
  77  12:36  Probe  
  76  12:38  Probe  
  76  12:39  Assimilator  
  76  12:41  Shield Battery  
  76  12:42  Adept x3  
  76  12:43  Adept  
  85  12:48  Assimilator  
  85  12:50  Adept x2  
  93  12:57  Adept x2  
  91  13:16  Adept x4  
Show
View Real Time Build Order
Export as new Build Order

Nice Protoss 

Build Orders:  

Get SALT Encoding   

  12  0:00  Probe  
  13  0:12  Probe  
  14  0:18  Pylon  
  14  0:24  Probe (Chrono Boost)  
  15  0:37  Gateway  
  15  0:38  Probe (Chrono Boost)  
  16  0:42  Probe (Chrono Boost)  
  16  0:46  Assimilator  
  17  0:51  Assimilator  
  17  0:56  Probe (Chrono Boost)  
  18  1:08  Probe (Chrono Boost), Gateway  
  19  1:15  Probe (Chrono Boost)  
  20  1:22  Probe  
  20  1:25  Cybernetics Core  
  21  1:34  Pylon  
  21  1:35  Probe  
  22  1:47  Probe  
  23  1:59  Warp Gate (Chrono Boost)  
  23  2:03  Stalker  
  23  2:06  Stalker  
  23  2:07  Probe  
  28  2:10  Pylon  
  28  2:33  Stalker  
  28  2:35  Pylon  
  28  2:36  Stalker  
  31  2:48  Gateway  
  31  2:49  Shield Battery  
  31  3:00  Shield Battery  
  31  3:03  Stalker  
  33  3:08  Stalker  
  33  3:11  Pylon  
  35  3:29  Gateway  
  35  3:42  Stalker x2  
  37  3:49  Stalker  
  39  4:02  Nexus  
  39  4:07  Probe  
  40  4:14  Pylon  
  40  4:17  Sentry  
  40  4:19  Sentry  
  40  4:21  Probe  
  45  4:28  Adept  
  47  4:36  Pylon  
  47  4:37  Probe  
  48  4:49  Probe  
  49  4:54  Twilight Council  
  49  4:58  Sentry  
  51  5:07  Probe  
  52  5:16  Pylon  
  48  5:27  Stalker  
  48  5:28  Stalker x2  
  52  5:31  Blink (Chrono Boost)  
  52  5:37  Shield Battery  
  50  5:45  Shield Battery  
  50  5:55  Robotics Facility  
  50  5:56  Shield Battery  
  50  6:03  Pylon  
  50  6:07  Stalker  
  52  6:15  Stalker  
  53  6:26  Probe x2 (Chrono Boost)  
  55  6:37  Probe x2 (Chrono Boost)  
  57  6:40  Observer  
  57  6:42  Probe x2 (Chrono Boost)  
  60  6:53  Probe x2  
  62  7:01  Nexus  
  62  7:04  Pylon  
  62  7:05  Charge, Probe x2  
  66  7:23  Stalker x2  
  66  7:24  Stalker  
  66  7:29  Immortal (Chrono Boost)  
  70  7:37  Shield Battery  
  74  7:42  Shield Battery  
  74  7:47  Stalker  
  74  7:50  Pylon  
  72  7:51  Probe  
  72  7:54  Stalker  
  72  7:55  Zealot  
  72  7:57  Probe  
  74  8:11  Probe x2  
  70  8:25  Nexus  
  70  8:26  Pylon  
  70  8:33  Gateway x2  
  70  8:35  Gateway  
  70  8:37  Gateway  
  70  8:38  Gateway  
  70  8:39  Observer  
  70  8:41  Warp Prism (Chrono Boost)  
  70  8:46  Stalker x2  
  70  8:47  Stalker  
  78  8:52  Shield Battery  
  78  8:55  Pylon  
  78  8:59  Pylon  
  78  9:14  Immortal (Chrono Boost)  
  78  9:15  Stalker  
  81  9:23  Stalker  
  81  9:40  Stalker x2  
  85  9:46  Stalker  
  85  9:52  Observer (Chrono Boost)  
  88  9:54  Zealot x2  
  88  9:59  Zealot  
  94  10:00  Sentry  
  94  10:05  Zealot  
  94  10:06  Zealot  
  100  10:24  Zealot x4  
  108  10:30  Probe  
  108  10:33  Pylon  
  109  10:35  Pylon  
  109  10:37  Forge  
  109  10:48  Pylon  
  109  10:52  Immortal (Chrono Boost)  
  109  10:56  Zealot x4  
  121  11:03  Pylon  
  121  11:04  Pylon  
  121  11:06  Zealot  
  123  11:17  Zealot x4  
  131  11:23  Stalker  
  133  11:26  Stalker  
  129  11:35  Zealot x2  
  119  11:42  Zealot x2  
  117  11:49  Zealot x2  
  102  11:56  Stalker  
  102  12:01  Zealot  
  84  12:03  Zealot  
  68  12:14  Stalker  
  58  12:20  Stalker x2  
  58  12:25  Zealot  
  58  12:35  Sentry, Stalker  
  58  12:40  Stalker  
  60  12:47  Probe (Chrono Boost)  
  60  12:48  Probe (Chrono Boost)  
  63  12:52  Probe (Chrono Boost)  
  65  12:58  Probe (Chrono Boost)  
  65  12:59  Probe (Chrono Boost)  
  65  13:02  Stalker, Probe (Chrono Boost)  
Tags
 
Add a new tag
Caveats
  • Supply blocks, unpowered buildings, or Contaminate may cause inaccurate times.
  • Supply counts are checked every 10 seconds.